 Dungeon Crawl Stone Soup version 0.22-a0-580-gd5db89c (webtiles) character file.

10269 Amnesiac the Thaumaturge (level 11, -4/56 HPs)
             Began as a Spriggan Wanderer on July 3, 2018.
             Was an Initiate of Gozag.
             Slain by an ogre
             ... wielding a +0 giant club
              (17 damage)
             ... on level 11 of the Dungeon.
             The game lasted 00:27:05 (15639 turns).

Amnesiac the Thaumaturge (Spriggan Wanderer)       Turns: 15639, Time: 00:27:06

Health: -4/56      AC:  2    Str: 12    XL:     11   Next: 34%
Magic:  0/24       EV: 24    Int: 11    God:    Gozag
Gold:   1365       SH:  9    Dex: 18    Spells: 16/27 levels left

rFire    . . .     SeeInvis +   a - +1 dagger (venom)
rCold    + . .     Gourm    .   r - +1 buckler
rNeg     . . .     Faith    .   d - +0 robe
rPois    +         Spirit   +   (helmet restricted)
rElec    .         Reflect  .   (no cloak)
rCorr    .         Harm     .   (gloves unavailable)
MR       +....                  (boots unavailable)
Stlth    ++++......             o - amulet of guardian spirit
HPRegen  0.18/turn              x - ring of poison resistance
MPRegen  0.19/turn              c - ring of protection from cold

@: gold aura, invisible, very quick
A: very small, unfitting armour, see invisible, herbivore, speed 3, slow
metabolism 2
a: Potion Petition, Call Merchant, Bribe Branch, Renounce Religion


You were on level 11 of the Dungeon.
You worshipped Gozag.
Gozag was most pleased with you.
You were very full.

You visited 2 branches of the dungeon, and saw 12 of its levels.

You collected 1821 gold pieces.
You spent 330 gold pieces at shops.
You paid 126 gold pieces to Gozag.

Inventory:

Hand Weapons
 a - a +1 dagger of venom (weapon)
 b - the +1 dagger "Ysobrev" {speed, Dex+3}
   (You found it on level 6 of the Dungeon)

   Attacks with this weapon are significantly faster.
   It affects your dexterity (+3).
 z - a +2 dagger of draining
Missiles
 l - 6 curare-tipped needles
Armour
 d - a +0 robe (worn)
 r - a +1 buckler (worn)
Jewellery
 c - a ring of protection from cold (right hand)
 o - an amulet of guardian spirit (around neck)
 p - an uncursed ring of teleportation
 x - a ring of poison resistance (left hand)
 y - an uncursed ring of fire
Wands
 g - a wand of random effects (11)
 A - a wand of polymorph (3)
 G - a wand of iceblast (11)
Scrolls
 e - 6 scrolls of teleportation {!r}
 h - a scroll of enchant armour {!r}
 k - 3 scrolls of blinking {!r}
 m - 6 scrolls of amnesia {!r}
 n - a scroll of fear {!r}
 s - a scroll of vulnerability {!r}
 u - 3 scrolls of fog {!r}
 w - 2 scrolls of enchant weapon {!r}
 D - 3 scrolls of remove curse {!r}
 I - a scroll of silence {!r}
Potions
 i - 2 potions of cancellation {!q}
 j - 2 potions of haste {!q}
 q - 2 potions of lignification {!q}
 t - 3 potions of agility {!q}
 B - a potion of flight {!q, unknown}
 F - 2 potions of might {!q}
 H - a potion of curing {!q}
Comestibles
 f - 14 rations


   Skills:
 - Level 6.2 Fighting
 - Level 8.0 Short Blades
 + Level 8.5 Dodging
 - Level 8.1 Stealth
 - Level 7.2 Shields
 - Level 8.5 Spellcasting
 - Level 8.0 Evocations


You had 16 spell levels left.
You knew the following spells:

 Your Spells              Type           Power        Failure   Level  Hunger
a - Call Imp              Summ           #.......     22%         2    #......
e - Mephitic Cloud        Conj/Pois/Air  #.......     41%         3    ##.....
s - Conjure Flame         Conj/Fire      #.......     41%         3    ##.....
v - Blink                 Tloc           N/A          22%         2    #......
z - Confusing Touch       Hex            #.....       16%         1    None

Your spell library contained the following spells:

 Spells                   Type           Power        Failure   Level  Hunger
 Magic Dart               Conj           #...         16%         1    None
 Slow                     Hex            #.......     22%         2    #......
 Confuse                  Hex            #.......     41%         3    ##.....
 Metabolic Englaciation   Hex/Ice        #.........   99%         5    ######.
 Petrify                  Tmut/Erth      #.......     83%         4    ####...
 Gell's Gravitas          Tloc           #.........   41%         3    ##.....
 Yara's Violent Unravell  Hex/Tmut       #.........   99%         5    ######.


Dungeon Overview and Level Annotations

Branches:
Dungeon (11/15)            Temple (1/1) D:5            Lair (0/6) D:8
    Orc (0/2) D:9

Altars:
Ashenzari
Cheibriados
Dithmenos
Elyvilon
Fedhas
Gozag
Hepliaklqana
Kikubaaqudgha
Makhleb
Nemelex Xobeh
Okawaru
Qazlal
Ru
Sif Muna
Trog
Uskayaw
Vehumet
Wu Jian
Xom
Yredelemnul
Zin
The Shining One

Shops:
D:5 *

Annotations:
D:4 2 runed doors


Innate Abilities, Weirdness & Mutations

You are very small and have problems with some larger weapons.
You are too small for most types of armour.
You have supernaturally acute eyesight. (SInv)
You are a herbivore.
You cover ground extremely quickly.
You need to consume almost no food.


Message History

The crimson imp is lightly wounded.
The hornet zombie is no longer distracted by gold.
The crimson imp completely misses you.
You completely miss the crimson imp.
You hit the crimson imp but do no damage.
The crimson imp is poisoned.
The crimson imp hits you.
You miss the crimson imp.
The crimson imp is lightly wounded.
The soldier ant is no longer distracted by gold.
The crimson imp completely misses you.
You hit the crimson imp.
The crimson imp is moderately wounded.
The hornet zombie is distracted by the nearby gold.
The soldier ant is distracted by the nearby gold.
You hit the soldier ant.
The soldier ant is poisoned.
The soldier ant is no longer distracted by gold.
The soldier ant is lightly wounded.
The crimson imp blinks!
You hit the soldier ant but do no damage.
The soldier ant looks as sick as possible!
The soldier ant is lightly wounded.
The soldier ant completely misses you.
You hit the soldier ant but do no damage.
The soldier ant looks as sick as possible!
The soldier ant is lightly wounded.
The hornet zombie is no longer distracted by gold.
You barely miss the hornet zombie. You block the soldier ant's attack.
You completely miss the hornet zombie.
The hornet zombie completely misses you.
The soldier ant stings you.
You hit the soldier ant but do no damage.
The soldier ant looks as sick as possible!
The soldier ant is heavily wounded.
The hornet zombie completely misses you.
You hit the soldier ant but do no damage.
The soldier ant looks as sick as possible!
The soldier ant is severely wounded.
The soldier ant is distracted by the nearby gold.
The hornet zombie hits you!
* * * LOW HITPOINT WARNING * * *
The soldier ant twitches its antennae in your direction.
You closely miss the hornet zombie.
The crimson imp is distracted by the nearby gold.
The hornet zombie hits you.
* * * LOW HITPOINT WARNING * * *
You hit the hornet zombie but do no damage.
You kill the soldier ant!
Evoke which item? (* to show all) (? for menu, Esc to quit)
Aiming: Polymorph
Press: ? - help, Shift-Dir - straight line, f - ogre
Aim: an ogre, wielding a giant club (chance to defeat MR: 69%)
The ogre struggles to resist.
The crimson imp looks more healthy.
You block the hornet zombie's attack. The ogre hits you with a giant club!
* * * LOW HITPOINT WARNING * * *
The hornet zombie completely misses you.
Unknown command.
Unknown command.
Unknown command.
Okay, then.
Really quaff
v - a potion of invisibility {!q}?
You fade into invisibility!
The hornet zombie closely misses you. The ogre hits you with a giant club!!
You die...
Your body crumbles into a pile of gold.

.........# #..###### ........##
###.ยง# # ........# ##.#..# #
#......## ##....## ## #......#
##.....## #. .......# ##.......##
#. .......# #.........####.
......## ########..........##..
......# #...O@Z5..........##..
......# #$#####............#..
.....#######'#######.............
...<..##%%%$O$%%.##.............#
..[...###..$...$##..............#
........##...%.####............##
...Y.....##.%.## #..(..........
..........##.## ##............#
..H........### .............#


You could see an ogre, a crimson imp and a hornet zombie.

Vanquished Creatures
  2 two-headed ogres
  A centaur zombie (D:10)
  The ghost of Eptagon the Insei, a novice OpFi (D:4)
  3 trolls
  A hornet (D:8)
  2 hippogriffs
  Sigmund (D:4)
  A wraith (D:10)
  2 yaks
  5 hungry ghosts
  2 soldier ants
  5 sky beasts
  2 black bears (D:8)
  10 ogres
  7 orc warriors
  2 phantoms
  An ice beast (D:5)
  3 centaurs
  A crocodile (D:8)
  3 big kobolds (D:9)
  10 bullfrogs
  2 gnoll sergeants (D:9)
  A water moccasin skeleton (D:9)
  4 scorpions
  3 killer bees (D:10)
  An electric eel (D:9)
  3 howler monkeys
  2 bullfrog zombies
  An orc priest (D:7)
  4 jellies
  A bullfrog skeleton (D:7)
  3 hounds
  8 orc wizards
  3 centaur skeletons
  4 iguanas
  7 worker ants
  A hound zombie (D:8)
  A hound skeleton (D:5)
  3 worker ant zombies
  7 gnolls
  16 adders
  2 shadow imps
  4 oozes
  3 adder skeletons
  5 worms
  A dart slug (D:2)
  A leopard gecko (D:2)
  30 orcs
  2 giant cockroaches
  6 goblins
  6 hobgoblins
  8 jackals (D:10)
  3 quokkas
  A ball python (D:4)
  A ball python skeleton (D:4)
  5 bats
  5 frilled lizards
  A jackal skeleton (D:4)
  A jackal zombie (D:8)
  6 kobolds
  4 rats
235 creatures vanquished.

Vanquished Creatures (others)
  A gnoll (D:6)
  32 fungi (D:8)
  11 plants (D:8)
44 creatures vanquished.

Grand Total: 279 creatures vanquished

Notes
Turn   | Place    | Note
-------+----------+-------------------------------------------
     0 | D:1      | Amnesiac the Spriggan Wanderer began the quest for the Orb.
     0 | D:1      | Amnesiac set off with: a +2 short sword, a scroll of teleportation {!r}, a potion of lignification {!q}, a +0 robe, a +0 dagger, a ration
     0 | D:1      | Reached XP level 1. HP: 10/10 MP: 2/2
   354 | D:2      | Reached XP level 2. HP: 14/14 MP: 3/3
   468 | D:2      | Reached XP level 3. HP: 15/18 MP: 4/4
   682 | D:4      | Noticed Sigmund
   697 | D:4      | Killed Sigmund
   697 | D:4      | Reached XP level 4. HP: 22/22 MP: 5/5
   697 | D:4      | Reached XP level 5. HP: 25/25 MP: 6/6
  1125 | D:4      | Found a runed door.
  1125 | D:4      | Noticed Eptagon's ghost (novice OpFi)
  1172 | D:4      | Reached XP level 6. HP: 30/30 MP: 7/7
  1333 | D:4      | Learned a level 3 spell: Conjure Flame
  1476 | D:4      | Found a runed door.
  1735 | D:5      | Entered Level 5 of the Dungeon
  1738 | D:5      | Noticed a sky beast
  1742 | D:5      | Killed a sky beast
  1749 | D:5      | Found Buecvah's General Store.
  1787 | D:5      | Noticed an ice beast
  1791 | D:5      | Killed an ice beast
  1791 | D:5      | Reached skill level 1 in Spellcasting
  1791 | D:5      | Reached skill level 1 in Evocations
  1791 | D:5      | Reached XP level 7. HP: 33/33 MP: 7/9
  2238 | D:5      | Found a staircase to the Ecumenical Temple.
  2243 | Temple   | Entered the Ecumenical Temple
  2276 | D:5      | Found an ornate altar of the Wu Jian Council.
  2356 | D:6      | Found a radiant altar of Vehumet.
  3332 | D:2      | Found a shadowy altar of Dithmenos.
  3805 | D:3      | Found a shimmering altar of Xom.
  3808 | D:3      | Found a shimmering altar of Xom.
  4132 | D:3      | You fall through a shaft!
  4289 | D:5      | Found a deep blue altar of Sif Muna.
  4337 | D:5      | Reached XP level 8. HP: 37/37 MP: 13/13
  4937 | D:6      | Got a pitted dagger
  5027 | D:6      | Identified the cursed +1 dagger "Ysobrev" {speed, Dex+3} (You found it on level 6 of the Dungeon)
  5131 | D:7      | Found an opulent altar of Gozag.
  5138 | D:7      | Became a worshipper of Gozag Ym Sagoz the Greedy
  5209 | D:6      | Reached skill level 5 in Dodging
  5733 | D:1      | Learned a level 3 spell: Mephitic Cloud
  5736 | D:1      | Learned a level 2 spell: Blink
  5739 | D:1      | Learned a level 2 spell: Call Imp
  6396 | D:3      | Found a shimmering altar of Xom.
  6397 | D:3      | Found a shimmering altar of Xom.
  6911 | D:2      | Found a shadowy altar of Dithmenos.
  7042 | D:4      | Found a runed door.
  7268 | D:4      | Found a runed door.
  7826 | D:4      | Killed Eptagon's ghost
  7826 | D:4      | Reached skill level 5 in Spellcasting
  7826 | D:4      | Reached skill level 5 in Evocations
  8044 | D:5      | Found an ornate altar of the Wu Jian Council.
  8162 | D:5      | Found Buecvah's General Store.
  8229 | D:5      | Found a staircase to the Ecumenical Temple.
  8549 | D:5      | Found a deep blue altar of Sif Muna.
  8721 | D:5      | Bought an uncursed amulet of guardian spirit for 330 gold pieces
  8982 | D:6      | Found a radiant altar of Vehumet.
  9435 | D:7      | Reached XP level 9. HP: 31/41 MP: 11/17
  9939 | D:7      | Found a shattered altar of Ashenzari.
 10178 | D:8      | Found a staircase to the Lair.
 10729 | D:8      | Noticed a two-headed ogre
 10866 | D:8      | Found a sacrificial altar of Ru.
 11123 | D:8      | Reached XP level 10. HP: 44/45 MP: 12/22
 11828 | D:8      | Killed a two-headed ogre
 11828 | D:8      | Reached skill level 5 in Shields
 12375 | D:9      | Found a staircase to the Orcish Mines.
 13597 | D:9      | Learned a level 1 spell: Confusing Touch
 13745 | D:9      | Found a hide-covered altar of Uskayaw.
 13901 | D:10     | Entered Level 10 of the Dungeon
 14520 | D:10     | Reached XP level 11. HP: 40/53 MP: 19/24
 14754 | D:10     | Noticed a two-headed ogre
 14813 | D:10     | Killed a two-headed ogre
 14813 | D:10     | Reached skill level 5 in Fighting
 15526 | D:11     | Noticed a two-headed ogre
 15639 | D:11     | Slain by an ogre

Vault maps used:
D:1:      kennysheep_arrival_forest
D:2:      nicolae_overflow_hidden_temple, first_ration
D:3:      xom_redecorated
D:4:      ebering_ghost_sewer_f, minmay_close_crescents, uniq_sigmund
D:5:      lemuel_blue_sif_altar, minmay_temple_entry_statues_pillars,
          basic_altar, serial_shops, nicolae_shop_waterfront
D:6:      fiery_altar_vehumet, serial_bayou_pond_d, kennysheep_diamond
D:7:      cheibrodos_ashenzari_chains, nicolae_gozag_seed_capital
D:8:      marbit_many_paths, due_lair_maze_entry_diamond, dk_noncrumbling_3,
          hangedman_pestilent_swarm, bh_walls_and_bars
D:9:      overflow_temple_1_default, kennysheep_orc_monster_closet_entryway,
          corexii_leaking_fountain, fountainhead, minmay_misc_feat_secret_circle
D:11:     nooodl_food_tri, uniq_nergalle
Temple:   eino_temple_lava

Skill      XL: |  1  2  3  4  5  6  7  8  9 10 11 |
---------------+----------------------------------+-----
Stealth        | 6 7 8 |  8.1
Short Blades   | 3 6 7 8 |  8.0
Spellcasting   | 1 3 5 7 8 |  8.5
Evocations     | 1 3 5 8 |  8.0
Dodging        | 4 6 8 |  8.5
Shields        | 3 4 7 |  7.2
Fighting       | 4 6 |  6.2

Action                   |  1- 3 |  4- 6 |  7- 9 | 10-12 || total
-------------------------+-------+-------+-------+-------++-------
Melee: Short sword       |    45 |    38 |    62 |       ||   145
       Dagger            |       |       |   506 |   622 ||  1128
 Cast: Conjure Flame     |       |       |     2 |       ||     2
       Call Imp          |       |       |     2 |       ||     2
       Mephitic Cloud    |       |       |       |     1 ||     1
Evoke: Wand              |       |     2 |    44 |    10 ||    56
  Use: Potion            |     1 |       |     3 |     1 ||     5
       Scroll            |       |       |     9 |    11 ||    20
 Stab: Sleeping          |     3 |     5 |    20 |    18 ||    46
       Distracted        |       |       |     8 |     4 ||    12
       Paralysed         |       |       |       |     4 ||     4
       Confused          |       |       |       |     2 ||     2
  Eat: Ration            |       |       |     7 |     6 ||    13
Armor: Robe              |     3 |     1 |    19 |     9 ||    32
       Skin              |     4 |       |       |       ||     4
Dodge: Dodged            |    26 |    22 |   299 |   234 ||   581
Block: Buckler           |       |       |    68 |   141 ||   209

Table legend:
 A = Spawn XP
 B = Non-spawn XP
 C = Spawn XP percentage of total XP
 D = Spawn monster count
 E = Non-spawn monster count
 F = Spawn count percentage of total count
 G = Total turns spent on level
                    A         B        C        D         E        F      G
               +---------+---------+-------+---------+---------+-------+---------
         Total |       0 |   14671 |   0.0 |       0 |     235 |   0.0 | 15639
               +---------+---------+-------+---------+---------+-------+---------
           D:1 |       0 |      12 |   0.0 |       0 |       9 |   0.0 |   729
           D:2 |       0 |     103 |   0.0 |       0 |      26 |   0.0 |  1466
           D:3 |       0 |      54 |   0.0 |       0 |      13 |   0.0 |  1201
           D:4 |       0 |     817 |   0.0 |       0 |      15 |   0.0 |  2196
           D:5 |       0 |    1015 |   0.0 |       0 |      27 |   0.0 |  2198
           D:6 |       0 |     452 |   0.0 |       0 |       7 |   0.0 |  1355
           D:7 |       0 |     872 |   0.0 |       0 |      22 |   0.0 |   876
           D:8 |       0 |    3457 |   0.0 |       0 |      32 |   0.0 |  2083
           D:9 |       0 |    3350 |   0.0 |       0 |      32 |   0.0 |  1823
          D:10 |       0 |    3377 |   0.0 |       0 |      45 |   0.0 |  1350
          D:11 |       0 |    1162 |   0.0 |       0 |       7 |   0.0 |   340
               +---------+---------+-------+---------+---------+-------+---------
